 Dungeon Crawl Stone Soup version 0.28.0-47-ge53b351184 (webtiles) character file.

Game seed: 16390684950979340347

131 Antesink77 the Ruffian (level 4, -9/45 HPs)
             Began as a Troll Berserker on May 7, 2022.
             Was a Priest of Trog.
             Mangled by an ogre
             ... wielding a +0 giant spiked club
              (20 damage)
             ... on level 4 of the Dungeon.
             The game lasted 00:20:21 (4033 turns).

Antesink77 the Ruffian (Troll Berserker)            Turns: 4033, Time: 00:20:21

Health: -9/45      AC:  4    Str: 33    XL:     4   Next: 91%
Magic:  3/3        EV: 10    Int:  3    God:    Trog [***...]
Gold:   182        SH:  0    Dex:  9    Spells: 3/3 levels left

rFire   . . .      SeeInvis .   r - +1 mace (drain)
rCold   . . .      Faith    .   (no shield)
rNeg    . . .      Spirit   .   i - +0 robe
rPois   .          Reflect  .   (helmet restricted)
rElec   .          Harm     .   (no cloak)
rCorr   .          Rampage  .   (gloves unavailable)
Will    .....                   (boots unavailable)
Stlth   +.........              (no amulet)
HPRegen 0.95/turn               h - +6 ring of strength
MPRegen 0.08/turn               (no ring)

@: no status effects
A: large, unfitting armour, claws 3, regeneration 1, shaggy fur 1, tough skin 1
a: Renounce Religion, Berserk, Trog's Hand


You were on level 4 of the Dungeon.
You worshipped Trog.
Trog was most pleased with you.
You visited 1 branch of the dungeon, and saw 4 of its levels.

You collected 182 gold pieces.

Inventory:

Hand Weapons
 c - a +0 whip
 e - a +0 dagger
 o - a +2 dagger of venom
 r - a +1 mace of draining (weapon)
Missiles
 d - 170 stones (quivered)
 m - 5 large rocks
Armour
 a - a +0 animal skin
 g - the +1 leather armour "Facrerph" {rElec Stlth+}
   (You found it on level 3 of the Dungeon)

   rElec:     It insulates you from electricity.
   Stlth:     It makes you more stealthy.
 i - a +0 robe (worn)
 j - a +0 buckler
 k - a +0 ring mail
 l - a +0 chain mail
Jewellery
 h - a +6 ring of strength (left claw)
 q - a ring of resist corrosion
 u - a ring of poison resistance
 v - a ring of fire
 w - an amulet of reflection
Scrolls
 b - 3 scrolls of identify
 f - a scroll of magic mapping
 n - a scroll of fear {unknown}
Potions
 p - a potion of flight {unknown}
 s - a potion of curing {unknown}
 t - a potion of mutation {unknown}
 x - a potion of degeneration {unknown}


   Skills:
 + Level 3.1 Fighting
 + Level 2.0 Maces & Flails
 + Level 3.3 Dodging
 + Level 0.3 Stealth
 + Level 3.3 Unarmed Combat


You had 3 spell levels left.
You didn't know any spells.
Your spell library contained the following spells:

 Spells                   Type           Power      Damage    Failure   Level
 Animate Skeleton         Necr           0%         N/A       52%         1
 Pain                     Necr           0%         1d4       52%         1
 Shock                    Conj/Air       0%         1d3       52%         1
 Sublimation of Blood     Necr           0%         N/A       67%         2
 Swiftness                Air            0%         N/A       88%         3
 Vampiric Draining        Necr           0%         2d6       88%         3
 Airstrike                Air            0%         N/A       99%         4
 Petrify                  Tmut/Erth      0%         N/A       99%         4
 Irradiate                Conj/Tmut      0%         3d13      100%        5


Dungeon Overview and Level Annotations

Branches:
Dungeon (4/15)
 Temple: D:4-7

Altars:
Gozag


Innate Abilities, Weirdness & Mutations

You are too large for most types of armour.
You have claws for hands.
Your natural rate of healing is unusually fast.
You are covered in fur. (AC +1)
You have tough skin. (AC +1)


Message History

Trog accepts your kill.
x - a dark potion
d - 170 stones (gained 13)
A hobgoblin comes into view.
Found 13 gold pieces.
The hobgoblin shouts!
The hobgoblin hits you but does no damage.
The hobgoblin barely misses you.
You closely miss the hobgoblin. Your claw misses the hobgoblin.
The hobgoblin hits you but does no damage.
You hit the hobgoblin. You drain the hobgoblin.
The hobgoblin is severely wounded.
The hobgoblin hits you.
The hobgoblin hits you but does no damage.
You closely miss the hobgoblin.
The hobgoblin is severely wounded.
The hobgoblin hits you.
You hit the hobgoblin but do no damage. You drain the hobgoblin.
You kill the hobgoblin!
Trog accepts your kill.
HP restored.
You now have 182 gold pieces (gained 13).
You see here a +0 scale mail.
Found a spear.
There is a stone staircase leading up here.
You see here 28 sling bullets.
There is an escape hatch in the ceiling here.
An ogre comes into view. It is wielding a +0 giant spiked club.
The ogre shouts!
You barely miss the ogre.
The ogre hits you with a +0 giant spiked club!!
Ouch! That really hurt!
You sock the ogre! You drain the ogre.
The ogre is severely wounded.
The ogre hits you with a +0 giant spiked club!
* * * LOW HITPOINT WARNING * * *
You barely miss the ogre.
The ogre is severely wounded.
The ogre hits you with a +0 giant spiked club!!
You die...

........### ...#..(#####
...........###
##......##..<#
........####.# ......).#
#.## ###.....#
#..####### #
#.....#####.......####
####.#####......@O......
.<##.###........####.###
.........#......#
.†...#########..#
..#..## ##.# ......# #..
...##.# #.#. #####.#####
#.# ..........#


You could see an ogre (drained).

Vanquished Creatures
  5 adders
  2 worms (D:3)
  2 dart slugs
  8 bats
  5 endoplasms
  A giant cockroach (D:4)
  8 goblins
  9 hobgoblins
  6 jackals (D:1)
  4 kobolds
  2 quokkas
  8 ball pythons
  9 frilled lizards
  6 rats
  A spectral goblin (D:3)
76 creatures vanquished.

Notes
Turn   | Place    | Note
-------+----------+-------------------------------------------
     0 | D:1      | Antesink77 the Troll Berserker began the quest for the Orb.
     0 | D:1      | Reached XP level 1. HP: 22/22 MP: 0/0
   109 | D:1      | Reached XP level 2. HP: 29/29 MP: 1/1
   288 | D:3      | Identified the +1 leather armour "Facrerph" {rElec Stlth+}
   430 | D:2      | Reached XP level 3. HP: 4/36 MP: 2/2
   490 | D:2      | Reached ** piety under Trog
   607 | D:2      | Found an opulent altar of Gozag.
   620 | D:2      | Reached skill level 1 in Maces & Flails
   899 | D:2      | Reached XP level 4. HP: 44/44 MP: 3/3
  2011 | D:1      | Reached *** piety under Trog
  3305 | D:3      | Found a faded altar of an unknown god.
  4027 | D:4      | Noticed an ogre
  4033 | D:4      | Mangled by an ogre

Illustrated notes

Levels and vault maps discovered:
D:1:      dpeg_arrival_radiant, layout_basic
D:2:      layout_basic, basic_altar
D:3:      layout_basic, dreamdust_ecumenical_altar_drowned_temple
D:4:      layout_rooms, old_standard_altar

Skill      XL: |  1  2  3  4 |
---------------+-------------+-----
Maces & Flails | 1 2 |  2.0
Dodging        | 3 |  3.3
Fighting       | 3 |  3.1
Stealth        | |  0.3
Unarmed Combat | |  3.3

Action                   |  1- 3 |  4- 6 || total
-------------------------+-------+-------++-------
Melee: Whip              |   174 |    72 ||   246
       Unarmed           |     6 |       ||     6
       Punch             |     1 |     2 ||     3
       Mace              |       |    41 ||    41
       Dagger            |       |    21 ||    21
  Use: Scroll            |     2 |     3 ||     5
 Stab: Sleeping          |       |     1 ||     1
Armor: Animal skin       |    86 |    46 ||   132
       Robe              |       |    19 ||    19
Dodge: Dodged            |   127 |    84 ||   211
